 Dungeon Crawl Stone Soup version 0.30-a0-54-g2e61a25929 (webtiles) character file.

Game seed: 10631585016738301499

14358 IdlyInterested the Slicer (level 12, -1/83 HPs)
             Began as a Formicid Gladiator on Sept 8, 2022.
             Was an Initiate of Hepliaklqana.
             Slain by a wolf (9 damage)
             ... on level 2 of the Lair of Beasts.
             The game lasted 00:52:53 (9741 turns).

IdlyInterested the Slicer (Formicid Gladiator)      Turns: 9741, Time: 00:52:54

Health: -1/83      AC: 19    Str: 18    XL:     12   Next: 44%
Magic:  13/13      EV: 11    Int: 13    God:    Hepliaklqana [......]
Gold:   683        SH:  0    Dex: 18    Spells: 11/11 levels left

rFire   . . .      SeeInvis +    E - +2 short sword (vamp)
rCold   . . .      Faith    .    G - +0 buckler {AC+3}
rNeg    . . .      Spirit   .    A - +0 plate armour {Will+}
rPois   .          Reflect  .    (helmet unavailable)
rElec   .          Harm     .    I - +0 cloak
rCorr   .          Rampage  .    t - +2 pair of gloves
Will    ++...                    (no boots)
Stlth   ..........               n - amulet of regeneration
HPRegen 1.03/turn                r - +4 ring of evasion
MPRegen 0.13/turn                m - ring of flight

@: confused, ambrosia-drunk, flying
A: permanent stasis, dig shafts and tunnels, antennae 3, four strong arms,
talons 1, clever 1, deterioration 1
a: Dig, Shaft Self, Renounce Religion


You were on level 2 of the Lair of Beasts.
You worshipped Hepliaklqana.
Hepliaklqana was noncommittal.
You visited 3 branches of the dungeon, and saw 11 of its levels.
You also visited: Bailey.

You collected 683 gold pieces.

Inventory:

Hand Weapons
 a - a +0 rapier
 l - the +3 dagger of Gozag's Inspiration {spect, rF+}
   (You found it on level 2 of the Dungeon)

   When its wielder attacks, the weapon's spirit leaps out and strikes again.
   The spirit shares a part of any damage it takes with its wielder.
   rF:        It protects you from fire.
 w - a +1 dagger of speed
 E - a +2 vampiric short sword (weapon)
 F - a +1 short sword of freezing
 K - a +2 scimitar of flaming
Missiles
 d - 13 poisoned darts (quivered)
 f - 4 javelins
 u - 2 boomerangs
 L - 3 atropa-tipped darts
Armour
 c - +0 steam dragon scales
 j - a +0 pair of boots
 q - a +1 robe of cold resistance
 t - a +2 pair of gloves (worn)
 A - a +0 plate armour of willpower (worn)
 G - a +0 buckler of protection (worn)
 H - a +2 scale mail of willpower
 I - a +0 cloak (worn)
Magical Staves
 B - a staff of fire
Jewellery
 m - a ring of flight (right hand)
 n - an amulet of regeneration (around neck)
 r - a +4 ring of evasion (left hand)
Wands
 k - a wand of digging (6)
 z - a wand of charming (19)
 J - a wand of flame (16)
Scrolls
 i - 5 scrolls of butterflies
 v - 2 scrolls of poison
 x - a scroll of fear
 y - a scroll of immolation
 C - a scroll of amnesia
Potions
 b - a potion of magic
 e - 2 potions of ambrosia
 g - 2 potions of flight
 h - a potion of lignification
 o - 4 potions of curing
 s - 2 potions of attraction
 D - a potion of brilliance


   Skills:
 - Level 4.0 Fighting
 + Level 14.0 Short Blades
 - Level 3.0 Staves
 - Level 4.0 Throwing
 - Level 4.0 Armour
 - Level 4.0 Dodging
 + Level 8.2 Stealth
 * Level 10.0 Shields
 - Level 3.0 Fire Magic
 + Level 1.6 Invocations
 - Level 4.0 Evocations


You had 11 spell levels left.
You didn't know any spells.
Your spell library contained the following spells:

 Spells                   Type           Power      Damage    Failure   Level
 Foxfire                  Conj/Fire      12%        2x1d4     100%        1
 Magic Dart               Conj           0%         1d3       100%        1
 Shock                    Conj/Air       0%         1d3       100%        1
 Searing Ray              Conj           0%         2d4       100%        2
 Conjure Flame            Conj/Fire      3%         6-21      100%        3
 Gell's Gravitas          Tloc           0%         N/A       100%        3
 Inner Flame              Hex/Fire       3%         N/A       100%        3
 Teleport Other           Tloc           0%         N/A       100%        3
 Vampiric Draining        Necr           0%         2d6       100%        3
 Airstrike                Air            0%         2d(0-16)  100%        4
 Cause Fear               Hex            0%         N/A       100%        4
 Flame Wave               Conj/Fire      3%         2d5       100%        4
 Fulminant Prism          Conj/Hex       0%         3d6       100%        4
 Sticky Flame             Conj/Fire      3%         2d3       100%        4
 Summon Lightning Spire   Summ/Air       0%         N/A       100%        4
 Agony                    Necr           0%         N/A       100%        5
 Dispersal                Tloc           0%         N/A       100%        6
 Storm Form               Tmut/Air       0%         N/A       100%        7
 Discord                  Hex            0%         N/A       100%        8
 Maxwell's Capacitive Co  Air            0%         ∞         100%        8
 Swiftness                Air            Unusable   N/A       N/A         3

Dungeon Overview and Level Annotations

Branches:
Dungeon (8/15)             Temple (1/1) D:5            Lair (2/5) D:8
 Bailey (visited)
  Swamp: Lair:2-3    Shoals: Lair:2-3     Snake: Lair:2-3    Spider: Lair:2-3

Altars:
Ashenzari
Cheibriados
Dithmenos
Fedhas
Gozag
Hepliaklqana
Kikubaaqudgha
Makhleb
Nemelex Xobeh
Okawaru
Qazlal
Ru
Sif Muna
Trog
Uskayaw
Xom
Yredelemnul
Zin
The Shining One

Shops:
D:7 (


Innate Abilities, Weirdness & Mutations

You cannot be hasted, slowed, berserked, paralysed or teleported.
You can dig through walls and to a lower floor.
You have a pair of large antennae on your head. (SInv)
Your four strong arms can wield two-handed weapons with a shield.
You have sharp toenails.
Your mind is acute. (Int +4, Str/Dex -1)
Your body sometimes deteriorates upon taking damage.


Message History

* * * LOW HITPOINT WARNING * * *
The wolf bites you but does no damage. x2
You hit the wolf but do no damage. Your kick misses the wolf.
The wolf is heavily wounded.
You block the wolf's attack. The wolf bites you but does no damage.
The wolf barely misses you. The wolf closely misses you.
The wolf bites you but does no damage.
You hit the wolf.
You feel better.
Your kick misses the wolf.
The wolf is severely wounded.
The wolf closely misses you. The wolf bites you but does no damage.
The wolf bites you.
* * * LOW HITPOINT WARNING * * *
The wolf bites you.
* * * LOW HITPOINT WARNING * * *
The wolf barely misses you.
You are confused.
You feel invigorated. The wolf bites you.
* * * LOW HITPOINT WARNING * * *
The wolf closely misses you. The wolf bites you but does no damage.
The wolf misses you. The wolf barely misses you.
The wolf bites you but does no damage. The wolf closely misses you.
The wolf misses you.
You hit the wolf.
You feel better.
Your kick misses the wolf.
The wolf is lightly wounded.
The wolf barely misses you. x3; The wolf bites you but does no damage.
Unknown command.
You barely miss the wolf. You claw the wolf.
The wolf is moderately wounded.
The wolf bites you but does no damage. The wolf closely misses you.
The wolf bites you!
* * * LOW HITPOINT WARNING * * *
The wolf barely misses you. x2
Unknown command.
You bump into the rock wall.
The wolf bites you!
* * * LOW HITPOINT WARNING * * *
The wolf barely misses you. x2; The wolf bites you.
* * * LOW HITPOINT WARNING * * *
The wolf misses you. The wolf closely misses you. The wolf misses you.
The wolf bites you!
You die... ~~...# ~P....# PP.....

~P.....####
~~........
♣~~....hl
#....hh#
#.###@##
#...hhh#
#.#...h.....#
#.........#
#......#P.#
##.P##.##...
### .. ...
..P .. ....


You could see a wyvern and 7 wolves.

Vanquished Creatures
  Erica (D:8)
  Pikel (D:7)
  A deep elf zephyrmancer (Bailey)
  6 elephants (Lair:1)
  Maurice (D:8)
  A cane toad (Lair:1)
  A komodo dragon (Lair:1)
  2 rime drakes
  A troll (D:8)
  A polar bear (Lair:1)
  Grinder (D:6)
  A slime creature (Lair:1)
  Sigmund (D:6)
  A vampire (D:8)
  6 yaks (D:8)
  A wyvern (D:7)
  Grum (D:8)
  2 steam dragons (D:6)
  Menkaure (D:5)
  8 water moccasins
  Edmund (D:6)
  2 ice beasts (D:6)
  2 black bears
  A sky beast (D:6)
  7 orc warriors
  4 ogres
  6 wolves
  2 centaurs (D:5)
  A lemure (D:7)
  A phantom (D:6)
  A kobold brigand (D:6)
  8 bullfrogs
  A gnoll sergeant (D:8)
  7 scorpions
  2 necrophages (D:5)
  3 wights (D:8)
  6 killer bees (D:8)
  The ghost of porpoise the Sneak, a weakling DsDe (D:5)
  2 electric eels (D:8)
  2 howler monkeys
  4 orc priests
  8 jellies
  7 hounds
  5 iguanas
  3 orc wizards
  Robin (D:2)
  3 gnolls (D:8)
  7 adders
  A white imp (D:5)
  2 ufetubi
  A worm (D:5)
  2 dart slugs
  23 orcs
  8 ball pythons
  19 endoplasms
  3 giant cockroaches
  8 goblins
  6 hobgoblins
  6 jackals
  11 kobolds
  5 quokkas
  7 bats
  4 frilled lizards
  3 rats
246 creatures vanquished.

Vanquished Creatures (collateral kills)
  An orc knight (Bailey)
  Maggie (D:7)
  2 orc warriors (Bailey)
  An orc priest (D:7)
  A shadow imp (D:7)
  5 orcs
11 creatures vanquished.

Vanquished Creatures (others)
  A centaur (D:5)
  A scorpion (D:5)
  An orc (D:5)
  8 fungi
  10 plants
21 creatures vanquished.

Grand Total: 278 creatures vanquished

Notes
Turn   | Place    | Note
-------+----------+-------------------------------------------
     0 | D:1      | IdlyInterested the Formicid Gladiator began the quest for
                  | the Orb.
     0 | D:1      | Reached XP level 1. HP: 16/16 MP: 1/1
   165 | D:1      | Reached skill level 1 in Shields
   198 | D:1      | Reached XP level 2. HP: 22/22 MP: 2/2
   902 | D:2      | Reached skill level 1 in Armour
   902 | D:2      | Reached XP level 3. HP: 14/27 MP: 3/3
  1388 | D:2      | Identified the +3 dagger of Gozag's Inspiration {spect,
                  | rF+}
  1512 | D:2      | Reached skill level 1 in Stealth
  1727 | D:2      | Reached XP level 4. HP: 33/33 MP: 4/4
  1730 | D:2      | Noticed Robin
  1754 | D:2      | Killed Robin
  1804 | D:2      | You are sucked into a shaft and drop 2 floors!
  1807 | D:4      | Found an opulent altar of Gozag.
  1827 | D:4      | Noticed a scorpion
  1844 | D:4      | Reached skill level 4 in Short Blades
  1872 | D:4      | Reached skill level 1 in Evocations
  2072 | D:2      | Reached XP level 5. HP: 31/38 MP: 5/5
  2332 | D:3      | Found a basalt altar of Yredelemnul.
  2951 | D:4      | Reached skill level 5 in Short Blades
  2951 | D:4      | Reached XP level 6. HP: 39/44 MP: 6/6
  3123 | D:4      | Found a shimmering blue altar of Sif Muna.
  3249 | D:4      | Found a snail-covered altar of Cheibriados.
  3550 | D:5      | Entered Level 5 of the Dungeon
  3685 | D:5      | Noticed a black bear
  3692 | D:5      | Killed a black bear
  3710 | D:5      | Noticed an ogre
  3714 | D:5      | Killed an ogre
  3715 | D:5      | Reached XP level 7. HP: 50/50 MP: 7/7
  3755 | D:5      | Noticed Menkaure
  3762 | D:5      | Reached skill level 6 in Short Blades
  3765 | D:5      | Reached skill level 1 in Staves
  3769 | D:5      | Killed Menkaure
  3771 | D:5      | Reached XP level 8. HP: 30/56 MP: 8/8
  3834 | D:5      | Found a runed translucent gate.
  3834 | D:5      | Found a runed translucent gate.
  3834 | D:5      | Found a runed translucent gate.
  3836 | D:5      | Noticed porpoise's ghost (weakling DsDe)
  3852 | D:5      | Found a shimmering altar of Xom.
  3958 | D:5      | Reached skill level 7 in Short Blades
  3971 | D:5      | Reached skill level 1 in Fire Magic
  4232 | D:5      | Found a staircase to the Ecumenical Temple.
  4241 | Temple   | Entered the Ecumenical Temple
  4617 | D:5      | Reached skill level 5 in Shields
  4622 | D:5      | Killed porpoise's ghost
  4623 | D:5      | Reached skill level 8 in Short Blades
  4629 | D:5      | Reached XP level 9. HP: 62/62 MP: 9/9
  4970 | D:6      | Reached skill level 9 in Short Blades
  5030 | D:6      | Noticed Edmund
  5046 | D:6      | Killed Edmund
  5239 | D:6      | Noticed Grinder
  5252 | D:6      | Killed Grinder
  5253 | D:6      | Reached skill level 5 in Stealth
  5322 | D:6      | Reached skill level 10 in Short Blades
  5322 | D:6      | Reached XP level 10. HP: 70/70 MP: 10/10
  5722 | D:6      | Noticed Sigmund
  5731 | D:6      | Killed Sigmund
  5821 | D:7      | Noticed Pikel
  5863 | D:7      | Killed Pikel
  6093 | D:7      | Found a flagged portal.
  6103 | Bailey   | Entered a bailey
  6217 | Bailey   | Reached skill level 11 in Short Blades
  6240 | Bailey   | Found a large runed translucent door.
  6240 | Bailey   | Found a large runed translucent door.
  6240 | Bailey   | Noticed an orc knight
  6241 | Bailey   | Noticed a deep elf zephyrmancer
  6264 | Bailey   | Killed an orc knight
  6426 | Bailey   | Killed a deep elf zephyrmancer
  6438 | Bailey   | Got the Parchment of Ghoulish Concussion
  6492 | Bailey   | Gained mutation: You are partially covered in iridescent
                  | scales. (AC +2) [potion of mutation]
  6492 | Bailey   | Gained mutation: Your body sometimes deteriorates upon
                  | taking damage. [potion of mutation]
  6492 | Bailey   | Gained mutation: Armour fits poorly on your strangely
                  | shaped body. [potion of mutation]
  6499 | D:7      | Lost mutation: You are partially covered in iridescent
                  | scales. (AC +2) [potion of mutation]
  6499 | D:7      | Lost mutation: Armour fits poorly on your strangely shaped
                  | body. [potion of mutation]
  6499 | D:7      | Gained mutation: Your mind is acute. (Int +4, Str/Dex -1)
                  | [potion of mutation]
  6499 | D:7      | Gained mutation: You have sharp toenails. [potion of
                  | mutation]
  6520 | D:7      | Reached XP level 11. HP: 76/76 MP: 11/11
  6522 | D:7      | Found a stormy altar of Qazlal.
  6616 | D:7      | Noticed Maggie
  6625 | D:7      | Killed Maggie
  6631 | D:7      | Found Jelih's Weapon Shop.
  6776 | D:7      | Reached skill level 12 in Short Blades
  6961 | D:7      | Found a bloodstained altar of Trog.
  7671 | D:8      | Found a staircase to the Lair.
  7904 | D:8      | Noticed Maurice
  7931 | D:8      | Killed Maurice
  8014 | D:8      | Noticed Grum
  8035 | D:8      | Killed Grum
  8223 | D:8      | Noticed Erica
  8238 | D:8      | Killed Erica
  8239 | D:8      | Reached skill level 13 in Short Blades
  8456 | Temple   | Became a worshipper of Hepliaklqana the Forgotten
  8547 | Lair:1   | Entered Level 1 of the Lair of Beasts
  8560 | Lair:1   | Noticed an elephant
  8562 | Lair:1   | Noticed an elephant
  8562 | Lair:1   | Noticed an elephant
  8562 | Lair:1   | Noticed an elephant
  8575 | Lair:1   | Noticed an elephant
  8578 | Lair:1   | Noticed an elephant
  8588 | Lair:1   | Killed an elephant
  8600 | Lair:1   | Killed an elephant
  8618 | Lair:1   | Killed an elephant
  8619 | Lair:1   | Reached XP level 12. HP: 30/83 MP: 12/12
  9189 | Lair:1   | Reached skill level 14 in Short Blades
  9227 | Lair:1   | You are sucked into a shaft and drop 1 floor!
  9265 | Lair:2   | Noticed an eight-headed hydra
  9282 | Lair:1   | Reached skill level 1 in Invocations
  9383 | Lair:1   | Reached skill level 10 in Shields
  9741 | Lair:2   | Slain by a wolf

Illustrated notes

Levels and vault maps discovered:
D:1:      dpeg_arrival_rooms_b, layout_loops_cross,
          amcnicky_mini_rare_corridor_liquid
D:2:      minmay_spotlight, layout_basic, minmay_tiny_reverse_x, uniq_robin
D:3:      layout_rooms, lemuel_round_altar
D:4:      layout_basic, mainiacjoe_overflow_alcove_4,
          mainiacjoe_overflow_tiny_flanked, cheibriados_altar_1, serial_bayou,
          serial_bayou_lagoon_a, serial_bayou_pond_e, serial_bayou_pond_b,
          serial_bayou_pond_e
D:5:      layout_basic, xom_confusion_cloud, minmay_temple_entry_wispy,
          gammafunk_ghost_split, uniq_menkaure
D:6:      layout_loops_ring, corexii_item_surrounded_by_moat, uniq_sigmund,
          uniq_edmund, uniq_grinder
D:7:      layout_basic, bloody_trog, mainiacjoe_overflow_catwalk,
          enter_bailey_2, serial_shops, nicolae_shop_stone, uniq_maggie,
          uniq_pikel
D:8:      layout_gridville, erik_lair_island, nzn_life_drinkers, uniq_erica,
          uniq_grum, uniq_maurice
Temple:   nicolae_temple_slightly_damp_pantheon
Lair:1:   lemuel_slime, layout_gridlike, serial_bayou_shore_b
Lair:2:   layout_misc_corridors, minmay_swamp_entry_wisps, dummy_snake_entry,
          serial_bayou_shore_b

Skill      XL: |  1  2  3  4  5  6  7  8  9 10 11 12 |
---------------+-------------------------------------+-----
Shields        | 1 2 3 4 5 6 8 10 | 10.0
Armour         | 1 2 3 4 |  4.0
Stealth        | 1 2 3 4 5 6 8 |  8.2
Short Blades   | 4 5 6 8 10 11 13 14 | 14.0
Evocations     | 1 2 3 4 |  4.0
Staves         | 1 2 3 |  3.0
Fire Magic     | 2 3 |  3.0
Fighting       | 3 4 |  4.0
Throwing       | 3 4 |  4.0
Dodging        | 3 4 |  4.0
Invocations    | 1 |  1.6

Action                   |  1- 3 |  4- 6 |  7- 9 | 10-12 || total
-------------------------+-------+-------+-------+-------++-------
Melee: Rapier            |    67 |       |       |       ||    67
       Dagger            |    11 |   128 |   227 |   611 ||   977
       Kick              |       |       |       |   183 ||   183
       Short sword       |       |       |       |    12 ||    12
Throw: Stone             |    14 |    12 |    11 |       ||    37
       Dart              |       |       |     8 |    40 ||    48
       Javelin           |       |       |     4 |     1 ||     5
Evoke: Wand              |       |       |       |     9 ||     9
  Use: Scroll            |     5 |     4 |     3 |     5 ||    17
       Potion            |     2 |     1 |     5 |     9 ||    17
 Stab: Sleeping          |     1 |       |       |       ||     1
       Distracted        |       |     2 |     4 |    20 ||    26
       Invisible         |       |       |       |     1 ||     1
Armor: Leather armour    |    13 |       |       |       ||    13
       Ring mail         |    17 |    16 |       |       ||    33
       Chain mail        |       |     3 |    48 |    28 ||    79
       Plate armour      |       |       |       |   107 ||   107
       Scale mail        |       |       |       |    51 ||    51
Dodge: Dodged            |    57 |    66 |    48 |   255 ||   426
Block: Buckler           |     1 |    24 |    27 |   133 ||   185

Table legend: (Time is in decaauts)
 A = Elapsed time spent in this place.
 B = Non-inter-level travel time spent in this place.
 C = Inter-level travel time spent in this place.
 D = Time resting spent in this place.
 E = Time spent auto-exploring this place.
 F = Levels seen in this place.
 G = Mean time per level.
                   A        B        C        D        E       F      G
               +--------+--------+--------+--------+--------+-----+--------+
         Total |   9337 |   8045 |   1292 |    699 |   4369 |  12 |  778.1 |
       Dungeon |   7675 |   6521 |   1154 |    559 |   3636 |   8 |  959.4 |
        Temple |    210 |    169 |     41 |      0 |    154 |   1 |  210.0 |
          Lair |   1085 |    989 |     96 |     92 |    579 |   2 |  542.5 |
        Bailey |    366 |    366 |      0 |     48 |      0 |   1 |  366.0 |
               +--------+--------+--------+--------+--------+-----+--------+

Top non-repeatable levels by time:
     D:2: 1328 daAuts
     D:7: 1028 daAuts
     D:8: 1027 daAuts
     D:6: 1019 daAuts
  Lair:1: 1018 daAuts
     D:5: 984 daAuts
     D:1: 888 daAuts
     D:4: 807 daAuts
     D:3: 590 daAuts
  Bailey: 366 daAuts
  Temple: 210 daAuts
  Lair:2: 66 daAuts
